Map: Overgrowth LE (Void)

Players

Kelpfarmer - Winner!

  • Race: Protoss Protoss
  • Spawn Location: 7:00

A.I. 1 (Very Easy)

  • Race: Terran Terran
  • Spawn Location: 1:00

VOD

Have the link to the VOD?

Description

Time

  • Played on: Dec. 30, 2016, 5:56 p.m.
  • Length: 6:22
Show
View Real Time Build Order
Export as new Build Order

Kelpfarmer Protoss - Winner!

Build Orders: 1 Gate Expand, Oracle Opening 

Get SALT Encoding   

  12  0:02  Probe (Chrono Boost)  
  13  0:15  Pylon  
  13  0:18  Probe (Chrono Boost)  
  14  0:29  Probe (Chrono Boost)  
  15  0:35  Gateway  
  15  0:39  Probe (Chrono Boost)  
  16  0:44  Assimilator  
  16  0:50  Probe (Chrono Boost)  
  17  1:00  Probe (Chrono Boost)  
  18  1:11  Probe (Chrono Boost)  
  19  1:24  Nexus  
  19  1:26  Probe (Chrono Boost)  
  20  1:38  Cybernetics Core  
  20  1:41  Probe (Chrono Boost)  
  21  1:49  Pylon  
  21  1:51  Probe (Chrono Boost)  
  22  1:58  Assimilator  
  22  2:02  Probe (Chrono Boost)  
  23  2:12  Probe (Chrono Boost)  
  24  2:20  Stargate  
  24  2:23  Probe (Chrono Boost)  
  24  2:29  Adept  
  27  2:33  Probe (Chrono Boost)  
  27  2:36  Warp Gate  
  28  2:43  Gateway  
  28  2:44  Probe (Chrono Boost)  
  29  2:50  Gateway  
  29  2:53  Probe (Chrono Boost)  
  30  3:03  Oracle  
  30  3:05  Probe (Chrono Boost)  
  34  3:11  Pylon, Probe (Chrono Boost)  
  35  3:22  Mothership Core (Chrono Boost)  
  35  3:23  Probe (Chrono Boost)  
  39  3:34  Probe (Chrono Boost)  
  39  3:35  Gateway  
  39  3:48  Twilight Council  
  39  3:51  Probe x2 (Chrono Boost)  
  41  4:02  Adept x3  
  47  4:12  Gateway  
  47  4:13  Probe x2 (Chrono Boost)  
  49  4:18  Pylon  
  49  4:20  Pylon  
  49  4:35  Gateway x2  
  49  4:47  Adept x3  
  55  5:07  Adept x2  
  55  5:08  Adept x2  
  55  5:09  Adept  
  65  5:32  Adept x2  
  69  5:44  Pylon  
  69  5:47  Pylon  
  69  5:48  Pylon  
  69  6:00  Nexus  
Show
View Real Time Build Order
Export as new Build Order

A.I. 1 (Very Easy) Terran 

Build Orders:  

Get SALT Encoding   

  12  0:00  SCV  
  13  0:13  SCV  
  14  0:19  Supply Depot  
  14  0:37  Refinery  
  14  0:41  Barracks  
  14  1:04  Supply Depot  
  14  1:11  Refinery  
  14  1:29  Marine, Orbital Command  
  15  1:54  SCV  
  16  2:06  SCV  
  17  2:14  Barracks Tech Lab  
  17  2:18  SCV  
  18  2:30  SCV  
  18  2:32  Marauder  
  21  2:42  SCV  
  22  2:55  SCV  
  23  3:16  Marine  
  24  4:22  SCV  
  22  4:28  Marine  
  16  4:34  SCV  
  8  4:46  SCV  
  8  4:58  SCV  
  9  5:10  SCV  
  9  5:13  Marine  
  11  5:22  SCV  
  11  5:34  SCV  
  12  5:46  SCV  
  11  5:58  SCV, Marauder  
Tags
 
Add a new tag
Caveats
  • Supply blocks, unpowered buildings, or Contaminate may cause inaccurate times.
  • Supply counts are checked every 10 seconds.